 Dungeon Crawl Stone Soup version 0.22-b1-21-g5cfc168 (webtiles) character file.

7906 nicolaieve the Basher (level 11, -2/101 (102) HPs)
             Began as a Minotaur Berserker on Aug 5, 2018.
             Was a High Priest of Trog.
             Slain by Grum
             ... wielding a +1 glaive of venom
              (8 damage)
             ... on level 9 of the Dungeon.
             The game lasted 00:30:57 (6169 turns).

nicolaieve the Basher (Minotaur Berserker)          Turns: 6169, Time: 00:30:58

HP:   -2/101 (102)  AC: 17    Str: 27    XL:     11   Next: 2%
MP:   0/10          EV: 12    Int:  4    God:    Trog [*****.]
Gold: 337           SH:  0    Dex: 13    Spells: 10/10 levels left

rFire    . . .     SeeInvis +   p - +2 whip (flame)
rCold    . . .     Gourm    .   (no shield)
rNeg     . . .     Faith    .   t - +1 chain mail {rPois}
rPois    +         Spirit   +   (helmet restricted)
rElec    .         Reflect  .   D - +1 cloak
rCorr    .         Harm     .   A - +0 pair of gloves
MR       ++...                  (no boots)
Stlth    ..........             y - amulet of guardian spirit
HPRegen  1.26/turn              (no ring)
MPRegen  0.12/turn              F - ring of see invisible

@: mighty, lethally poisoned (-2 -> -2), berserk cooldown, regenerating, slowed,
very slow
A: retaliatory headbutt, horns 2
a: Berserk, Trog's Hand, Brothers in Arms, Renounce Religion


You were on level 9 of the Dungeon.
You worshipped Trog.
Trog was extremely pleased with you.
You were not hungry.

You visited 1 branch of the dungeon, and saw 9 of its levels.
You also visited: Ossuary.

You collected 337 gold pieces.

Inventory:

Hand Weapons
 p - a +2 whip of flaming (weapon)
Armour
 e - a +0 plate armour
 t - a +1 chain mail of poison resistance (worn)
 A - a +0 pair of gloves (worn)
 D - a +1 cloak (worn)
Jewellery
 y - an amulet of guardian spirit (around neck)
 F - a ring of see invisible (right hand)
Wands
 f - a wand of enslavement (11)
 s - a wand of flame (23)
 x - a wand of paralysis (10)
 E - a wand of digging (12)
Scrolls
 d - 10 scrolls of remove curse {unknown}
 h - 4 scrolls of fear {unknown}
 i - 11 scrolls of identify {unknown}
 k - 2 scrolls of amnesia {unknown}
 m - 6 scrolls of teleportation {unknown}
 w - 3 scrolls of noise {unknown}
 B - a scroll of summoning {unknown}
 G - a scroll of immolation {unknown}
Potions
 a - a potion of degeneration {unknown}
 b - 8 potions of curing {unknown}
 g - 3 potions of magic {unknown}
 j - 2 potions of brilliance {unknown}
 l - 3 potions of ambrosia {unknown}
 n - 2 potions of heal wounds {unknown}
 o - 3 potions of invisibility {unknown}
 q - 2 potions of flight {unknown}
 r - 3 potions of mutation {unknown}
 v - 2 potions of resistance
 z - a potion of might
 C - 2 potions of agility {unknown}
Comestibles
 c - 15 rations
 u - 5 chunks of flesh


   Skills:
 * Level 11.1 Fighting
 - Level 12.0 Maces & Flails
 + Level 11.4 Armour
 * Level 6.0 Dodging


You had 10 spell levels left.
You didn't know any spells.
Your spell library contained the following spells:

 Spells                   Type           Power        Failure   Level  Hunger
 Summon Small Mammal      Summ           #...         94%         1    ##.....
 Summon Ice Beast         Ice/Summ       #.......     100%        4    #####..
 Call Imp                 Summ           #.......     98%         2    ###....
 Call Canine Familiar     Summ           #.......     100%        3    ####...
 Summon Lightning Spire   Summ/Air       #.......     100%        4    #####..
 Summon Guardian Golem    Hex/Summ       #.......     100%        3    ####...


Dungeon Overview and Level Annotations

Branches:
Dungeon (9/15)             Temple (0/1) D:4
   Lair: D:8-11         Orc: D:9-12

Altars:
Ashenzari
Dithmenos
Gozag
Qazlal
Sif Muna
Trog
Uskayaw
Yredelemnul
Zin

Shops:
D:6 *   D:8 [

Annotations:
D:9 1 runed door, Grum


Innate Abilities, Weirdness & Mutations

You reflexively headbutt those who attack you in melee.
You have a pair of horns on your head.


Message History

Grum hits you from afar with a glaive of venom.
* * * LOW HITPOINT WARNING * * *
You are more poisoned.
You barely miss the two-headed ogre. You headbutt the two-headed ogre.
The two-headed ogre is heavily wounded.
You feel sick.
The two-headed ogre hits you with a giant club!
* * * LOW HITPOINT WARNING * * *
The two-headed ogre hits you with a dire flail.
* * * LOW HITPOINT WARNING * * *
Grum hits you but does no damage.
You closely miss the two-headed ogre. You headbutt the two-headed ogre.
The two-headed ogre is heavily wounded.
You feel sick.
You feel very sick.
The two-headed ogre hits you with a giant club!
* * * LOW HITPOINT WARNING * * *
The two-headed ogre hits you but does no damage.
Grum hits you from afar with a glaive of venom!
You die...

..... ...... ......
####..?..< ?........
#h...O... #g# #O#
#@# +.# #.##
###+###### #..#
#........# #..#
#........#
#####..###........#
..........'..<.....#
.....######..).....#
..... #........#


You could see a two-headed ogre, Grum and a wolf.

Vanquished Creatures
  3 two-headed ogres
  Pikel (D:4)
  Joseph (D:7)
  A queen bee (D:8)
  A hornet (D:8)
  Prince Ribbit (D:7)
  A hippogriff (D:8)
  2 sky beasts
  A slave (D:4)
  2 necrophages (D:6)
  2 black bears
  A phantom (D:4)
  4 orc warriors
  3 ogres
  A wolf (D:9)
  A centaur (D:7)
  3 elf zombies (Ossuary)
  A big kobold (D:7)
  5 bullfrogs
  4 scorpions (D:8)
  14 killer bees (D:8)
  3 wights (D:8)
  3 crimson imps
  2 howler monkeys
  A quasit (D:6)
  4 centaur zombies
  5 hounds
  A human zombie (Ossuary)
  3 orc priests
  A bullfrog skeleton (D:6)
  8 orc wizards
  A bullfrog zombie (D:4)
  An iguana (D:7)
  Ijyb (D:4)
  8 worker ants
  2 hound skeletons
  2 mummies (Ossuary)
  11 gnolls
  10 adders
  A shadow imp (D:6)
  2 oozes
  3 worms
  A dart slug (D:1)
  A leopard gecko (D:1)
  34 orcs
  8 bats
  5 giant cockroaches
  7 goblins
  7 hobgoblins
  9 jackals
  13 kobolds
  5 quokkas
  2 ball pythons
  3 frilled lizards
  13 hobgoblin zombies (Ossuary)
  A jackal skeleton (D:5)
  A jackal zombie (Ossuary)
  6 kobold zombies (Ossuary)
  2 leopard gecko zombies
  8 orc zombies (Ossuary)
  6 rats
  2 rat zombies (Ossuary)
260 creatures vanquished.

Notes
Turn   | Place    | Note
-------+----------+-------------------------------------------
     0 | D:1      | nicolaieve the Minotaur Berserker began the quest for the Orb.
     0 | D:1      | Reached XP level 1. HP: 19/19 MP: 0/0
    46 | D:1      | Reached skill level 4 in Maces & Flails
   141 | D:1      | Reached XP level 2. HP: 26/26 MP: 1/1
   182 | D:1      | Found a glowing silver altar of Zin.
   689 | D:2      | Reached skill level 5 in Maces & Flails
   690 | D:2      | Reached ** piety under Trog
   743 | D:2      | Reached XP level 3. HP: 31/31 MP: 2/2
  1203 | D:2      | Reached skill level 6 in Maces & Flails
  1203 | D:2      | Reached XP level 4. HP: 29/39 MP: 3/3
  1214 | D:2      | Found a glowing silver altar of Zin.
  1450 | D:2      | Found a shadowy altar of Dithmenos.
  1453 | D:2      | Found a deep blue altar of Sif Muna.
  1456 | D:2      | Found a hide-covered altar of Uskayaw.
  1673 | D:3      | Reached skill level 7 in Maces & Flails
  1673 | D:3      | Reached XP level 5. HP: 39/45 MP: 4/4
  1738 | D:3      | Found a bloodstained altar of Trog.
  2099 | D:4      | Reached *** piety under Trog
  2236 | D:4      | Noticed a slave
  2236 | D:4      | Noticed a slave
  2238 | D:4      | Noticed a slave
  2239 | D:4      | Noticed Pikel
  2242 | D:4      | Noticed a slave
  2255 | D:4      | Killed a slave
  2284 | D:4      | Killed Pikel
  2284 | D:4      | Reached skill level 10 in Maces & Flails
  2284 | D:4      | Reached XP level 6. HP: 17/51 MP: 5/5
  2284 | D:4      | Reached XP level 7. HP: 19/57 MP: 6/6
  2583 | D:4      | Noticed Ijyb
  2586 | D:4      | Found a staircase to the Ecumenical Temple.
  2592 | D:4      | Killed Ijyb
  2735 | D:4      | Reached skill level 11 in Maces & Flails
  3090 | D:5      | Entered Level 5 of the Dungeon
  3201 | D:5      | Found a stormy altar of Qazlal.
  3233 | D:5      | Reached XP level 8. HP: 65/66 MP: 7/7
  3619 | D:5      | Found a basalt altar of Yredelemnul.
  3748 | D:6      | Found a bloodstained altar of Trog.
  3781 | D:6      | Reached skill level 12 in Maces & Flails
  3782 | D:6      | Reached **** piety under Trog
  3802 | D:6      | Reached skill level 5 in Fighting
  3804 | D:6      | Found Usmoumof's Assorted Antiques.
  3856 | D:6      | Reached skill level 5 in Armour
  3922 | D:6      | Found a sand-covered staircase.
  3934 | Ossuary  | Entered an ossuary
  4070 | Ossuary  | Reached XP level 9. HP: 75/75 MP: 8/8
  4112 | Ossuary  | Reached ***** piety under Trog
  4469 | D:7      | Found an opulent altar of Gozag.
  5029 | D:7      | Noticed Prince Ribbit
  5032 | D:7      | Noticed Joseph
  5051 | D:7      | Killed Joseph
  5055 | D:7      | Killed Prince Ribbit
  5055 | D:7      | Reached skill level 5 in Dodging
  5055 | D:7      | Reached XP level 10. HP: 70/90 MP: 4/9
  5309 | D:8      | Noticed a two-headed ogre
  5319 | D:8      | Killed a two-headed ogre
  5324 | D:8      | Found a shattered altar of Ashenzari.
  5432 | D:8      | Reached skill level 10 in Fighting
  5437 | D:8      | Noticed a two-headed ogre
  5458 | D:8      | Reached skill level 10 in Armour
  5467 | D:8      | Killed a two-headed ogre
  5766 | D:8      | Found Tukaifuu's Antique Armour Shoppe.
  6132 | D:9      | Noticed a two-headed ogre
  6135 | D:9      | Killed a two-headed ogre
  6135 | D:9      | Reached XP level 11. HP: 101/101 MP: 10/10
  6144 | D:9      | Found a runed door.
  6157 | D:9      | Noticed a two-headed ogre
  6158 | D:9      | Noticed Grum
  6169 | D:9      | Slain by Grum

Skill      XL: |  1  2  3  4  5  6  7  8  9 10 |
---------------+-------------------------------+-----
Maces & Flails | 4 5 6 7 10 11 12 | 12.0
Armour         | 5 8 11 | 11.4
Fighting       | 5 9 11 | 11.1
Dodging        | 3 5 6 |  6.0

Action                   |  1- 3 |  4- 6 |  7- 9 | 10-12 || total
-------------------------+-------+-------+-------+-------++-------
Melee: Mace              |    60 |       |       |       ||    60
       Headbutt          |    11 |    25 |   102 |    39 ||   177
       Whip              |    13 |   144 |   460 |   158 ||   775
Invok: Berserk           |       |     1 |     4 |     5 ||    10
       Trog's Hand       |       |       |       |     1 ||     1
  Use: Potion            |       |       |       |     1 ||     1
 Stab: Sleeping          |     1 |       |       |       ||     1
  Eat: Chunk             |     1 |     3 |    10 |     6 ||    20
       Ration            |       |       |     1 |     1 ||     2
Armor: Animal skin       |     6 |       |       |       ||     6
       Plate armour      |    55 |    65 |   138 |       ||   258
       Chain mail        |       |       |    39 |    92 ||   131
Dodge: Dodged            |    26 |    38 |   110 |    92 ||   266
